 Dungeon Crawl Stone Soup version 0.18-a0-76-g3fe7f8b (webtiles) character file.

3802 Proton the Cleaver (level 9, -8/85 HPs)
             Began as a Deep Dwarf Fighter on Nov 12, 2015.
             Was an Initiate of Ru.
             Mangled by an orc warrior
             ... wielding a +0 trident
              (9 damage)
             ... on level 8 of the Dungeon.
             The game lasted 00:20:32 (5527 turns).

Proton the Cleaver (Deep Dwarf Fighter)             Turns: 5527, Time: 00:20:33

Health: -8/85      AC: 13    Str: 21    XL:     9   Next: 96%
Magic:  9/9        EV: 14    Int:  9    God:    Ru [......]
Gold:   132        SH:  5    Dex: 12    Spells: 0 memorised, 8 levels left

rFire  . . .     SeeInvis +     a - +1 war axe
rCold  + + +     Clarity  .     b - +2 leather armour of Resilience {rC+ rN+ Stlth-}
rNeg   + . .     SustAt   .     v - +0 buckler "Firoquf" {*Contam rC++}
rPois  .         Gourm    .     u - +1 helmet
rElec  .         Spirit   .     (no cloak)
rCorr  .         Warding  .     (no gloves)
rMut   .         Stasis   .     D - +0 pair of boots
MR     +....                    q - amulet of rage
Stlth  ..........               I - +4 ring of protection
                                g - ring of see invisible

@: non-regenerating, somewhat resistant to hostile enchantments, extremely
unstealthy
A: damage resistance, recharge devices, sense surroundings 2, slow regeneration
3, weak 1
a: Device Recharging, Renounce Religion, Evoke Berserk Rage


You were on level 8 of the Dungeon.
You worshipped Ru.
Ru was noncommittal.
You were not hungry.

You visited 2 branches of the dungeon, and saw 9 of its levels.

You collected 416 gold pieces.
You spent 284 gold pieces at shops.

Inventory:

Hand Weapons
 a - a +1 war axe (weapon)
Armour
 b - the +2 leather armour of Resilience (worn) {rC+ rN+ Stlth-}
   (You found it on level 7 of the Dungeon)

   It protects you from cold.
   It protects you from negative energy.
   It makes you less stealthy.
 u - a +1 helmet (worn)
 v - the +0 buckler "Firoquf" (worn) {*Contam rC++}
   (You acquired it on level 6 of the Dungeon)

   It greatly protects you from cold.
   It causes magical contamination when unequipped.
 D - a +0 pair of boots (worn)
Jewellery
 g - a ring of see invisible (left hand)
 q - an amulet of rage (around neck)
 I - a +4 ring of protection (right hand)
Wands
 e - a wand of heal wounds (0)
 C - a wand of digging (11)
Scrolls
 h - a scroll of magic mapping
 i - 6 scrolls of remove curse
 r - a scroll of enchant armour
 s - 2 scrolls of enchant weapon
 t - 5 scrolls of fog
 w - 2 scrolls of amnesia
 y - 3 scrolls of teleportation
 A - a scroll of blinking
Potions
 c - a potion of resistance
 d - 2 potions of might
 j - 2 potions of curing
 k - 2 potions of invisibility
 l - 3 potions of agility
 m - 3 potions of brilliance
 n - 2 potions of heal wounds
 x - 2 potions of lignification
 z - a potion of flight
 H - a potion of cancellation
Comestibles
 f - 3 bread rations
 o - a meat ration
 p - 2 fruits


   Skills:
 + Level 6.5 Fighting
 + Level 8.1 Axes
 + Level 7.9 Armour
 + Level 6.0 Dodging
 + Level 7.5 Shields


You had 8 spell levels left.
You didn't know any spells.

Dungeon Overview and Level Annotations

Branches:
Dungeon (8/15)             Temple (1/1) D:7            Lair (0/8) D:8

Altars:
Ashenzari
Cheibriados
Dithmenos
Elyvilon
Fedhas
Gozag
Kikubaaqudgha
Makhleb
Nemelex Xobeh
Okawaru
Qazlal
Ru
Sif Muna
Trog
Vehumet
Xom
Yredelemnul
Zin
The Shining One

Shops:
D:7 ?


Innate Abilities, Weirdness & Mutations

You are resistant to damage.
You can recharge devices by infusing magical energy.
You passively map the area around you.
You do not regenerate naturally.
You are weak. (Str -2)


Message History

The orc warrior closely misses you.
You hit the orc warrior but do no damage.
The orc warrior is heavily wounded.
You barely miss the orc warrior.
The orc warrior is heavily wounded.
The orc warrior curses loudly.
The orc warrior hits you with a trident.
* * * LOW HITPOINT WARNING * * *
You hit the orc warrior.
The orc warrior is heavily wounded.
The orc warrior misses you.
You hit the orc warrior but do no damage.
The orc warrior is heavily wounded.
You barely miss the orc warrior.
The orc warrior is heavily wounded.
The orc warrior hits you with a trident.
You closely miss the orc warrior.
The orc warrior is heavily wounded.
The orc warrior hits you with a trident!
You die...

.'......# ##.......# ,
.######.####..####.# *
.### #......<## # * *
* ...##########..###.#
,,, ,
..........%†.......# ,
...........###..##.# ,
......(....# ##)## **
* ...........# #..# ,
* ..>........#* ##@#,
.#.........#....o...#
.#....^....#........#*
*
.#.........#......>.#
.#.........#........#
.####################
.# .# .#


You could see an orc warrior.

Vanquished Creatures
  Erica (D:8)
  Grinder (D:5)
  A wyvern (D:8)
  Sigmund (D:5)
  2 hippogriffs
  Edmund (D:6)
  Duvessa (D:6)
  A black bear (D:8)
  A sky beast (D:8)
  An ogre (D:5)
  A centaur (D:8)
  2 crocodiles (D:8)
  2 orc warriors
  2 phantoms
  2 giant frogs (D:6)
  Blork the orc (D:4)
  Dowan (D:6)
  4 crimson imps
  A centaur zombie (D:8)
  4 hounds
  3 orc priests
  A jelly (D:8)
  6 orc wizards
  A centaur skeleton (D:6)
  A giant frog skeleton (D:8)
  Natasha (thrice) (D:4)
  An iguana (D:6)
  5 worker ants
  Robin (D:4)
  9 adders
  4 gnolls
  An ooze (D:1)
  An adder zombie (D:5)
  4 worms
  2 adder skeletons
  2 giant geckos
  26 orcs
  2 ball pythons (D:2)
  7 giant cockroaches
  18 goblins
  3 hobgoblins
  3 jackals (D:3)
  7 kobolds
  A quokka (D:6)
  4 bats
  A giant gecko skeleton (D:6)
  2 giant newts (D:1)
  A quokka zombie (D:5)
  9 rats
160 creatures vanquished.

Notes
Turn   | Place    | Note
--------------------------------------------------------------
     0 | D:1      | Proton the Deep Dwarf Fighter began the quest for the Orb.
     0 | D:1      | Reached XP level 1. HP: 20/20 MP: 1/1
   166 | D:1      | Reached XP level 2. HP: 27/27 MP: 2/2
   495 | D:2      | Reached XP level 3. HP: 29/34 MP: 3/3
   662 | D:2      | Reached XP level 4. HP: 21/42 MP: 4/4
   804 | D:2      | Reached skill level 4 in Axes
   868 | D:2      | HP: 2/42 [worm (5)]
  1061 | D:2      | Found a deep blue altar of Sif Muna.
  1488 | D:3      | Reached XP level 5. HP: 38/49 MP: 5/5
  1846 | D:3      | Reached skill level 5 in Axes
  2146 | D:4      | Noticed Robin
  2154 | D:4      | Killed Robin
  2204 | D:4      | Noticed Natasha
  2222 | D:4      | Killed Natasha
  2230 | D:4      | Noticed Natasha
  2233 | D:4      | Killed Natasha
  2444 | D:4      | Noticed Natasha
  2447 | D:4      | Killed Natasha
  2534 | D:4      | Noticed Blork the orc
  2543 | D:4      | Killed Blork the orc
  2543 | D:4      | Reached skill level 1 in Dodging
  2543 | D:4      | Reached XP level 6. HP: 25/56 MP: 6/6
  2603 | D:5      | Entered Level 5 of the Dungeon
  2713 | D:5      | Noticed Sigmund
  2736 | D:5      | Killed Sigmund
  2736 | D:5      | Reached XP level 7. HP: 27/63 MP: 7/7
  3151 | D:5      | Reached skill level 5 in Armour
  3358 | D:5      | Noticed Grinder
  3397 | D:5      | Killed Grinder
  3397 | D:5      | Reached skill level 6 in Axes
  3796 | D:5      | Reached skill level 5 in Shields
  3835 | D:6      | Noticed Duvessa
  3836 | D:6      | Noticed Dowan
  3854 | D:6      | Killed Dowan
  3854 | D:6      | Reached XP level 8. HP: 24/73 MP: 8/8
  3856 | D:6      | Killed Duvessa
  3972 | D:6      | Noticed Edmund
  3988 | D:6      | Killed Edmund
  3992 | D:6      | Reached skill level 5 in Fighting
  4108 | D:6      | Identified a scroll of acquirement
  4109 | D:6      | Got a transparent buckler
  4120 | D:6      | Identified the +0 buckler "Firoquf" {*Contam rC++} (You acquired it on level 6 of the Dungeon)
  4427 | D:6      | Reached skill level 7 in Axes
  4535 | D:7      | Gained mutation: Your magical capacity is low (-10% MP). [potion of mutation]
  4535 | D:7      | Gained mutation: You have sharp toenails. [potion of mutation]
  4535 | D:7      | Gained mutation: You are frail (-10% HP). [potion of mutation]
  4566 | D:7      | Found a staircase to the Ecumenical Temple.
  4573 | D:7      | Got a transparent leather armour
  4584 | D:7      | Identified the +2 leather armour of Resilience {rC+ rN+ Stlth-} (You found it on level 7 of the Dungeon)
  4585 | D:7      | Lost mutation: You are frail (-10% HP). [potion of cure mutation]
  4585 | D:7      | Lost mutation: You have sharp toenails. [potion of cure mutation]
  4585 | D:7      | Lost mutation: Your magical capacity is low (-10% MP). [potion of cure mutation]
  4590 | Temple   | Entered the Ecumenical Temple
  4599 | Temple   | Became a worshipper of Ru the Awakened
  4833 | D:7      | Gained mutation: You passively map the area around you. [Deep Dwarf growth]
  4833 | D:7      | Reached XP level 9. HP: 23/81 MP: 9/9
  4907 | D:7      | HP: 3/121 [orc priest/divine providence (11)]
  5017 | D:7      | Found Miekleul's Magic Scroll Shoppe.
  5025 | D:7      | Bought a scroll of recharging for 142 gold pieces
  5025 | D:7      | Bought a scroll of recharging for 142 gold pieces
  5187 | D:8      | Gained mutation: You are weak. (Str -2) [mutagenic meat]
  5222 | D:8      | Reached skill level 5 in Dodging
  5361 | D:8      | Found a staircase to the Lair.
  5498 | D:8      | Noticed Erica
  5502 | D:8      | HP: 3/82 [orc warrior/trident (9)]
  5518 | D:8      | Killed Erica
  5518 | D:8      | Reached skill level 8 in Axes
  5518 | D:8      | HP: 2/85 [orc warrior/trident (4)]
  5523 | D:8      | HP: 1/85 [orc warrior/trident (1)]
  5527 | D:8      | Mangled by an orc warrior

Vault maps used:
D:1:      wheals_arrival_linesprint
D:2:      led_sif_pool, first_bread
D:3:      minmay_misc_feat_room
D:4:      minmay_misc_feat_five, uniq_blork_the_orc, uniq_natasha, uniq_robin
D:5:      uniq_grinder, uniq_sigmund
D:6:      minmay_crystal_room, uniq_edmund, uniq_duvessa
D:7:      minmay_temple_entry_mist, serial_shops, shop_statue,
          grunt_ministairs_7
D:8:      lair_0_dummy, uniq_erica
Temple:   dpeg_three_leaves_temple_18

Action                   |  1- 3 |  4- 6 |  7- 9 || total
-------------------------+-------+-------+-------++-------
Melee: War axe           |    89 |   251 |   393 ||   733
 Abil: Evoke Berserk Rag |       |       |     2 ||     2
Evoke: Wand              |       |     2 |    10 ||    12
  Use: Scroll            |       |     7 |    19 ||    26
       Potion            |       |       |     4 ||     4
  Eat: Bread ration      |       |     1 |       ||     1
       Meat ration       |       |     1 |     1 ||     2
       Beef jerky        |       |       |     2 ||     2
       Royal jelly       |       |       |     1 ||     1
       Pizza             |       |       |     1 ||     1
       Chunk             |       |       |     1 ||     1
